 Dungeon Crawl Stone Soup version 0.29.1-15-g9cfb28693d (webtiles) character file.

Game seed: 9864376050810805642

180 Gabide the Trooper (level 5, -1/57 HPs)
             Began as an Ogre Monk on Apr 19, 2023.
             Splashed by a jelly's acid (8 damage)
             ... on level 4 of the Dungeon.
             The game lasted 00:03:55 (2962 turns).

Gabide the Trooper (Ogre Monk)                      Turns: 2962, Time: 00:03:55

Health: -1/57      AC: -12   Str: 17    XL:     5   Next: 60%
Magic:  5/5        EV: 10    Int: 11    God:
Gold:   108        SH:  0    Dex: 11    Spells: 4/4 levels left

rFire   . . .      SeeInvis .   a - +0 hand axe
rCold   . . .      Faith    .   (no shield)
rNeg    . . .      Spirit   .   b - +0 robe
rPois   .          Reflect  .   (helmet restricted)
rElec   .          Harm     .   g - +0 cloak
rCorr   .          Rampage  .   (gloves unavailable)
Will    .....                   (boots unavailable)
Stlth   ++........              (no amulet)
HPRegen 0.19/turn               (no ring)
MPRegen 0.09/turn               (no ring)

@: corroded
A: large, unfitting armour, tough skin 1
a: no special abilities


You were on level 4 of the Dungeon.
You visited 1 branch of the dungeon, and saw 4 of its levels.

You collected 108 gold pieces.

Inventory:

Hand Weapons
 a - a +0 hand axe (weapon)
Armour
 b - a +0 robe (worn)
 g - a +0 cloak (worn)
Scrolls
 d - a scroll of enchant weapon {unknown}
Potions
 e - 2 potions of attraction
 f - a potion of flight
 h - 2 potions of haste


   Skills:
 + Level 5.3 Fighting
 * Level 4.8 Axes
 + Level 3.5 Dodging
 - Level 1.4 Stealth


You had 4 spell levels left.
You didn't know any spells.
Your spell library contained the following spells:

 Spells                   Type           Power      Damage    Failure   Level
 Animate Dead             Necr           0%         N/A       98%         4
 Haunt                    Necr/Summ      0%         N/A       100%        7
 Infestation              Necr           0%         N/A       100%        8


Dungeon Overview and Level Annotations

Branches:
Dungeon (4/15)
 Temple: D:4-7

Altars:

Shops:
D:1 [


Innate Abilities, Weirdness & Mutations

You are too large for most types of armour.
You have tough skin. (AC +1)


Message History

You throw a poisoned dart. The poisoned dart hits the jelly.
The jelly is lightly wounded.
You barely miss the jelly.
The jelly is moderately wounded.
The jelly hits you but does no damage.
You hit the jelly.
Your hands burn!
The jelly is heavily wounded.
The jelly looks more healthy.
The jelly barely misses you.
You barely miss the jelly.
The jelly is heavily wounded.
The jelly barely misses you.
You hit the jelly. The acid corrodes you!
Your hands burn!
Your punch misses the jelly.
The jelly is severely wounded.
The jelly barely misses you.
You hit the jelly but do no damage.
Your hands burn!
The jelly is severely wounded.
The jelly hits you. The acid corrodes you!
You are splashed with acid!
You completely miss the jelly.
The jelly is severely wounded.
The jelly hits you.
You are splashed with acid.
You hit the jelly. The acid corrodes you!
Your hands burn!
The jelly is almost dead.
The jelly hits you.
You are splashed with acid!
You are too injured to fight recklessly!
A jelly is nearby!
You are too injured to fight recklessly!
You hit the jelly but do no damage.
Your hands burn!
* * * LOW HITPOINT WARNING * * *
The jelly is almost dead.
The jelly hits you.
* * * LOW HITPOINT WARNING * * *
You are splashed with acid!
* * * LOW HITPOINT WARNING * * *
Okay, then.
As you read the scroll of summoning, it crumbles to dust.
Wisps of shadow whirl around you... The jelly hits you.
* * * LOW HITPOINT WARNING * * *
The acid corrodes you!
You are splashed with acid!
You die...

.( .( ##. ..
#. #.####
#.rO.#+##
###J....#
#.@K..#
#.....######..
+.............
#......#######
#............#
#.....######.#
#.....# #.#
####+## #<#
###


You could see a jelly (ally target), a friendly ogre (summoned), a friendly
quokka (summoned) and a friendly kobold (summoned).

Vanquished Creatures
  3 orc wizards (D:3)
  3 river rats (D:3)
  A worm (D:3)
  A dart slug (D:2)
  6 orcs (D:3)
  4 ball pythons
  3 bats
  8 endoplasms
  3 giant cockroaches
  9 goblins
  4 hobgoblins
  9 jackals
  3 quokkas
  3 frilled lizards
  3 kobolds
  7 rats
70 creatures vanquished.

Vanquished Creatures (others)
  An orc wizard (D:3)
1 creature vanquished.

Grand Total: 71 creatures vanquished

Notes
Turn   | Place    | Note
-------+----------+-------------------------------------------
     0 | D:1      | Gabide the Ogre Monk began the quest for the Orb.
     0 | D:1      | Reached XP level 1. HP: 24/24 MP: 1/1
    25 | D:1      | Reached XP level 2. HP: 29/32 MP: 2/2
   108 | D:1      | Found Toaruen's Armour Shop.
   911 | D:1      | Reached XP level 3. HP: 39/40 MP: 3/3
  1842 | D:3      | Reached XP level 4. HP: 44/49 MP: 4/4
  2322 | D:3      | Reached skill level 5 in Fighting
  2322 | D:3      | Reached XP level 5. HP: 35/57 MP: 5/5
  2962 | D:4      | Splashed by a jelly's acid

Illustrated notes

Levels and vault maps discovered:
D:1:      spicycebolla_green_bress_n_ham_2, layout_loops_ring, serial_shops,
          nicolae_square_shop
D:2:      layout_rooms
D:3:      layout_basic, portal_sewer_entry_e, minmay_goblin_kobold_house
D:4:      minmay_evil_eye, layout_basic, nicolae_dithmenos_the_darkroom,
          uniq_ijyb, uniq_blork_the_orc

Skill      XL: |  1  2  3  4 |
---------------+-------------+-----
Dodging        | 3 |  3.5
Axes           | 4 |  4.8
Fighting       | 5 |  5.3
Stealth        | |  1.4

Action                   |  1- 3 |  4- 6 || total
-------------------------+-------+-------++-------
Melee: Hand axe          |   117 |   131 ||   248
       Punch             |     1 |       ||     1
Throw: Dart              |     5 |     4 ||     9
  Use: Scroll            |     3 |     4 ||     7
       Potion            |       |     4 ||     4
 Stab: Sleeping          |     3 |     1 ||     4
Armor: Robe              |    39 |    62 ||   101
Dodge: Dodged            |    73 |    49 ||   122
